 Dungeon Crawl Stone Soup version 0.31-a0-431-g88bdf31460 (webtiles) character file.

Game seed: 12271435807525169081

1954101 PaperRat the Petite Mort (level 26, 131/131 (132) HPs)
             Began as a Spriggan Necromancer on July 31, 2023.
             Was the Champion of Kikubaaqudgha.
             Escaped with the Orb
             ... and 4 runes on Aug 1, 2023!
             The game lasted 06:27:49 (93662 turns).

PaperRat La Petite Mort (Spriggan Necromancer)     Turns: 93662, Time: 06:27:49

HP:   131/131 (132) AC: 18    Str: 10      XL:     26   Next: 61%
MP:   48/48         EV: 41    Int: 25 (28) God:    Kikubaaqudgha [******]
Gold: 4908          SH:  0    Dex: 26      Spells: 1/65 levels left

rFire   + + .        a - +8 arbalest "Uveupsyi" {freeze, rC+}
rCold   + . .        (shield currently unavailable)
rNeg    . . .        l - +5 robe of Night {Dark Will+ SInv}
rPois   +            S - +2 hat {Int+3}
rElec   +            g - +2 cloak {rCorr}
rCorr   +            (gloves unavailable)
SInv    +            (boots unavailable)
Will    +++++        r - amulet of guardian spirit
Stlth   ++           x - ring "Cirushust" {rF+ Str+7}
HPRegen 0.41/turn    M - ring of Circularity {rElec AC+4 Stlth+, =R}
MPRegen 0.31/turn

%: guardian spirit
@: studying 3 skills, lightly drained, very quick
A: very small, no large weapons, unfitting armour, see invisible, speed 3,
iridescent scales 1, agile 2, clever 1, fire resistance 1, poison resistance,
evolution 1
0: Orb of Zot
}: 4/15 runes: decaying, slimy, silver, gossamer
a: Renounce Religion, Unearth Wretches, Torment


You escaped.
You worshipped Kikubaaqudgha.
Kikubaaqudgha was exalted by your worship.
You visited 12 branches of the dungeon, and saw 56 of its levels.
You also visited: Bailey and Ice Cave.

You collected 10841 gold pieces.
You spent 5933 gold pieces at shops.

Inventory:

Hand Weapons
 a - the +8 arbalest "Uveupsyi" (weapon) {freeze, rC+}
   (You acquired it on level 14 of the Dungeon)

   rC:        It protects you from cold.
 f - a +2 hand crossbow of freezing
 W - the +1 rapier "Mud Pie of Death" {holy, +Blink Will+}
   (You found it on level 5 of the Pits of Slime)

   +Blink:    It lets you blink.
   Will:      It increases your willpower.
Missiles
 F - 10 curare-tipped darts (quivered)
Armour
 g - a +2 cloak of preservation (worn)
 l - the +5 robe of Night (worn) {Dark Will+ SInv}
   (You took it off a vault sentinel on level 5 of the Vaults)

   Dark:      It shrouds the wearer in darkness, reducing the range at which
   they can see and be seen by others.
   SInv:      It lets you see invisible.
   Will:      It increases your willpower.
 w - a +2 buckler
 S - a +2 hat of intelligence (worn)
 Y - a +2 robe of resistance
Jewellery
 r - an amulet of guardian spirit (around neck)
 v - the ring "Fuus" {rC+ rCorr Int+4}
   (You acquired it on level 2 of the Elven Halls)

   [ring of resist corrosion]

   Int:       It affects your intelligence (+4).
   rC:        It protects you from cold.
   rCorr:     It protects you from acid and corrosion.
 x - the ring "Cirushust" (left hand) {rF+ Str+7}
   (You found it on level 4 of the Swamp)

   [ring of protection from fire]

   Str:       It affects your strength (+7).
   rF:        It protects you from fire.
 I - an amulet of magic regeneration
 M - the ring of Circularity (right hand) {rElec AC+4 Stlth+, =R}
   (You found it in a bailey)

   [ring of protection]

   AC:        It affects your AC (+4).
   rElec:     It insulates you from electricity.
   Stlth:     It makes you more stealthy.
 O - a ring of positive energy
Wands
 b - a wand of iceblast (36)
 c - a wand of acid (15)
 d - a wand of digging (19)
 m - a wand of polymorph (41)
 n - a wand of charming (27)
 z - a wand of mindburst (42)
Scrolls
 e - 3 scrolls of amnesia
 h - 2 scrolls of torment
 i - 16 scrolls of teleportation {@r3}
 k - 3 scrolls of fog {@r2}
 o - a scroll of summoning
 q - 5 scrolls of fear {@r4}
 t - 2 scrolls of enchant armour
 y - 4 scrolls of blinking {@r5}
 E - 10 scrolls of vulnerability
 H - a scroll of immolation
 J - 4 scrolls of silence
 L - 2 scrolls of enchant weapon
 T - 14 scrolls of poison
Potions
 j - 6 potions of enlightenment {@q6}
 p - 4 potions of heal wounds {@q2}
 s - 20 potions of ambrosia
 u - 4 potions of haste {@q4}
 D - 2 potions of invisibility
 G - 2 potions of resistance
 K - 3 potions of mutation {@q7}
 N - 12 potions of curing {@q1}
 P - 2 potions of cancellation
 Q - 9 potions of brilliance {@q5}
 R - 7 potions of lignification
 U - 5 potions of magic
Miscellaneous
 B - a phantom mirror
 C - a tin of tremorstones (2/2)
 V - a lightning rod (4/4)
 X - a sack of spiders
 Z - a phial of floods


   Skills:
 - Level 14.0 Fighting
 - Level 18.0 Ranged Weapons
 - Level 20.0 Dodging
 + Level 10.5 Stealth
 - Level 6.0 Shields
 - Level 20.0 Spellcasting
 - Level 3.0 Conjurations
 - Level 4.0 Hexes
 - Level 12.0 Summonings
 O Level 27 Necromancy
 - Level 16.0 Translocations
 - Level 6.0 Earth Magic
 - Level 14.0 Evocations


You had one spell level left.
You knew the following spells:

 Your Spells              Type           Power      Damage    Failure   Level
a - Borgnjor's Vile Clut  Necr/Erth      41%        N/A       1%          5
b - Portal Projectile     Hex/Tloc       100%       N/A       1%          3
c - Death Channel         Necr           51%        N/A       0%          6
d - Haunt                 Necr/Summ      44%        N/A       1%          7
e - Dispersal             Tloc           40%        N/A       1%          6
f - Death's Door          Necr           51%        N/A       2%          9
g - Passwall              Tmut/Erth      33%        N/A       1%          2
q - Borgnjor's Revivific  Necr           51%        N/A       1%          8
s - Dispel Undead         Necr           100%       3d31      0%          4
t - Blink                 Tloc           100%       N/A       0%          2
v - Summon Forest         Summ/Tloc      38%        N/A       1%          5
w - Malign Gateway        Summ/Tloc      38%        N/A       4%          7

Your spell library contained the following spells:

 Spells                   Type           Power      Damage    Failure   Level
 Apportation              Tloc           100%       N/A       0%          1
 Kiss of Death            Conj/Necr      100%       2d13      0%          1
 Necrotise                Necr           100%       1d9       0%          1
 Summon Small Mammal      Summ           100%       N/A       0%          1
 Freeze                   Ice            100%       1d10      1%          1
 Magic Dart               Conj           100%       1d8       1%          1
 Sandblast                Erth           100%       2d20      1%          1
 Slow                     Hex            100%       N/A       1%          1
 Sting                    Tmut/Pois      100%       1d8       1%          1
 Lesser Beckoning         Tloc           100%       N/A       0%          2
 Sublimation of Blood     Necr           100%       N/A       0%          2
 Gell's Gravitas          Tloc           81%        N/A       0%          3
 Teleport Other           Tloc           81%        N/A       0%          3
 Vampiric Draining        Necr           100%       2d13      0%          3
 Animate Dead             Necr           100%       N/A       0%          4
 Agony                    Necr           100%       N/A       0%          5
 Call Imp                 Summ           100%       N/A       1%          2
 Cigotuvi's Dreadful Rot  Necr/Pois/Air  100%       N/A       1%          2
 Searing Ray              Conj           80%        2d7       1%          2
 Static Discharge         Conj/Air       64%        2-5/arc   1%          2
 Call Canine Familiar     Summ           71%        N/A       1%          3
 Confusing Touch          Hex            45%        N/A       1%          3
 Dazzling Flash           Conj/Hex       84%        N/A       1%          3
 Stone Arrow              Conj/Erth      94%        3d12      1%          3
 Summon Guardian Golem    Hex/Summ       60%        N/A       1%          3
 Tukima's Dance           Hex            45%        N/A       1%          3
 Vhi's Electric Charge    Tloc/Air       100%       N/A       1%          3
 Volatile Blastmotes      Fire/Tloc      100%       2d18      1%          3
 Anguish                  Hex/Necr       40%        N/A       1%          4
 Animate Armour           Summ/Erth      100%       N/A       1%          4
 Iskenderun's Mystic Bla  Conj/Tloc      64%        2d13      1%          4
 Manifold Assault         Tloc           81%        N/A       1%          4
 Passage of Golubria      Tloc           81%        N/A       1%          4
 Summon Ice Beast         Ice/Summ       53%        N/A       1%          4
 Summon Lightning Spire   Summ/Air       53%        N/A       1%          4
 Summon Mana Viper        Hex/Summ       60%        N/A       1%          5
 Simulacrum               Ice/Necr       37%        N/A       1%          6
 Summon Cactus Giant      Summ           35%        N/A       1%          6
 Infestation              Necr           51%        N/A       1%          8
 Poisonous Vapours        Pois/Air       50%        N/A       2%          2
 Scorch                   Fire           50%        2d7       2%          2
 Wereblood                Tmut           25%        N/A       2%          2
 Hailstorm                Conj/Ice       32%        3d8       2%          3
 Inner Flame              Hex/Fire       35%        N/A       2%          3
 Mephitic Cloud           Conj/Pois/Air  30%        N/A       3%          3
 Cause Fear               Hex            22%        N/A       3%          4
 Fulminant Prism          Conj/Hex       21%        3d12      4%          4
 Petrify                  Tmut/Erth      40%        N/A       4%          4
 Frozen Ramparts          Ice            50%        1d8       5%          3
 Ignite Poison            Fire/Tmut/Pois 25%        N/A       5%          3
 Swiftness                Air            25%        N/A       5%          3
 Flame Wave               Conj/Fire      32%        2d9       10%         4
 Sticky Flame             Conj/Fire      32%        2d5       10%         4
 Monstrous Menagerie      Summ           35%        N/A       11%         7
 Disjunction              Tloc           40%        N/A       16%         8
 Airstrike                Air            12%        2d(2-18)  17%         4
 Olgreb's Toxic Radiance  Pois           25%        N/A       17%         4
 Metabolic Englaciation   Hex/Ice        17%        N/A       22%         5
 Silence                  Hex/Air        17%        N/A       22%         5
 Yara's Violent Unravell  Hex/Tmut       17%        3d8       22%         5
 Arcjolt                  Conj/Air       16%        1d26      26%         5
 Fireball                 Conj/Fire      16%        3d8       26%         5
 Irradiate                Conj/Tmut      16%        3d17      26%         5
 Freezing Cloud           Conj/Ice/Air   15%        6-21      32%         5
 Leda's Unmaking          Conj/Erth      23%        9d4       38%         6
 Alistair's Intoxication  Tmut/Pois      16%        N/A       43%         5
 Spellforged Servitor     Conj/Summ      29%        N/A       56%         7
 Summon Horrible Things   Summ           35%        N/A       63%         8
 Starburst                Conj/Fire      16%        6d6       82%         6
 Eringya's Noxious Bog    Tmut/Pois      12%        4d6       95%         6
 Enfeeble                 Hex            22%        N/A       96%         7
 Orb of Destruction       Conj           20%        9d8       99%         7
 Discord                  Hex            22%        N/A       100%        8
 Ignition                 Fire           12%        3d6       100%        8
 Lehudib's Crystal Spear  Conj/Erth      23%        10d7      100%        8
 Maxwell's Capacitive Co  Air            12%        ∞         100%        8
 Chain Lightning          Conj/Air       16%        3d21      100%        9
 Fire Storm               Conj/Fire      16%        8d4       100%        9
 Shatter                  Erth           26%        3d22*     100%        9


Dungeon Overview and Level Annotations

Branches:
Dungeon (15/15)            Temple (1/1) D:7            Lair (5/5) D:11
  Swamp (4/4) Lair:2       Spider (4/4) Lair:2        Slime (5/5) Lair:4
    Orc (2/2) D:12            Elf (3/3) Orc:2        Vaults (5/5) D:13
  Crypt (3/3) Vaults:2       Tomb (0/3) Crypt:3      Depths (4/4) D:15
    Zot (5/5) Depths:4     Bailey (visited)           IceCv (visited)

Altars:
Ashenzari
Cheibriados
Dithmenos
Elyvilon
Fedhas
Gozag
Hepliaklqana
Kikubaaqudgha
Makhleb
Nemelex Xobeh
Okawaru
Qazlal
Ru
Sif Muna
Trog
Uskayaw
Vehumet
Wu Jian
Xom
Yredelemnul
Zin
The Shining One
Jiyva

Shops:
D:2 *   D:8 ([   D:12 [   D:13 *   D:15 (([?   Orc:2 [(!(   Elf:1 *   Elf:2 !
Vaults:1 *   Depths:1 *   Depths:2 :*   Depths:4 (*

Portals:
Hell: Depths:1 Depths:2 Depths:3 Depths:4
Abyss: Depths:3
Pandemonium: Depths:2 Depths:3
Ziggurat: Depths:2

Annotations:
D:9 4 transporters
Elf:2 3 runed translucent doors


Innate Abilities, Weirdness & Mutations

You are very small and have problems with some larger weapons.
You are too small for most types of armour.
You have supernaturally acute eyesight. (SInv)
You cover ground extremely quickly. (Speed+++)
You are partially covered in iridescent scales. (AC +2)
You are very agile. (Dex +8, Str/Int -2)
Your mind is acute. (Int +4, Str/Dex -1)
Your flesh is heat resistant. (rF+)
Your system is resistant to poisons. (rPois)
You have hidden genetic potential.


Message History

(V) Vaults (C) Crypt (W) Tomb (U) Depths (H) Hell (Z) Zot
Where to? (Enter - D:1 @ (x,y), ? - help)
There is a stone staircase leading up here.
You climb upwards.
There is a stone staircase leading down here.
You flicker for a moment.
There is a stone staircase leading up here.
You climb upwards.
There is a stone staircase leading down here.
You flicker back into view.
There is an open door here.
There is an open door here.
There is an open door here.
There is a stone staircase leading up here.
You climb upwards.
There is a stone staircase leading down here.
A red devil comes into view.
It is wielding a +2 demon trident of draining.
You shoot a bolt. The bolt misses the red devil.
You shoot a bolt. The bolt hits the red devil!
The bolt freezes the red devil.
The red devil is heavily wounded.
You shoot a bolt. The bolt misses the red devil.
You shoot a bolt. The bolt hits the red devil!!
The bolt freezes the red devil.
You kill the red devil!
Kikubaaqudgha accepts your kill.
(D) Dungeon (T) Temple (L) Lair (S) Swamp (N) Spider Nest (M) Slime Pits (O) Orcish Mines (E) Elven Halls (V) Vaults (C) Crypt (W) Tomb (U) Depths (H) Hell (Z) Zot
Where to? (Enter - D:1 @ (x,y), ? - help)
You see here a +2 demon trident of draining.
There is a stone staircase leading up here.
You climb upwards.
There is a stone staircase leading down here.
There is a stone staircase leading up here.
You climb upwards.
There is a stone staircase leading down here.
There is an escape hatch in the floor here.
There is a staircase leading out of the dungeon here.
You have escaped!

#.....# #..###.........# #.
###...# #..# #.........# #. #
##.## #..# #..#####..# #. # #.#
#..###..# #..# #. # #.# #.......#
#..#######. # #.# #.....>.#
#..#....... # #.# #.......#
#..##.##### # #.# #..##...#
#..##.# #
#.######..##.@.#####..##.##### #
#....>.#..............##......
###########..............########
..........#..............#
########################## #.#
##.########### #.#..........#
##.#########.#


There were no monsters in sight!

Vanquished Creatures
  3 dread liches
  An ancient lich (Vaults:5)
  Mara (Swamp:4)
  2 orbs of fire
  Josephina (Depths:4)
  the Lernaean hydra (Swamp:4)
  Vv (Depths:4)
  A Killer Klown (Zot:5)
  Bai Suzhen (Swamp:4)
  Frederick (Depths:4)
  4 curse toes
  4 golden dragons
  A profane servitor (Crypt:3)
  A bone dragon (Crypt:3)
  Jory (Depths:2)
  2 electric golems
  8 tentacled monstrosities
  14 Orb Guardians (Zot:5)
  5 liches
  A deep elf master archer (Elf:3)
  6 quicksilver dragons
  2 titans (Vaults:5)
  11 acid blobs (Slime:5)
  A deep elf blademaster (Elf:3)
  The ghost of Wimmiopn the Phalangite, an adept MfGl of Kikubaaqudgha (Depths:4)
  4 ancient champions
  Gastronok (D:10)
  4 death cobs
  The ghost of Nico3ck the Summoner, an adept DsSu of Gozag (Vaults:3)
  3 shadow dragons
  An eldritch tentacle (Zot:3)
  4 storm dragons
  2 tengu reavers
  A thorn hunter (Swamp:3)
  Kirke (Lair:5)
  2 revenants
  A fenstrider witch (Swamp:4)
  An azure jelly (shapeshifter) (Elf:3)
  13 azure jellies
  9 rockslimes
  6 fire giants
  A daeva (Depths:2)
  The ghost of Vudadgh the Warrior, an adept HuWr of Hepliaklqana (Swamp:1)
  4 draconian monks
  3 draconian scorchers
  2 draconian knights (Zot:5)
  16 vault wardens
  7 frost giants
  2 iron dragons (Vaults:5)
  3 deep elf sorcerers
  4 emperor scorpions
  An angel (Depths:2)
  A draconian annihilator (Zot:3)
  Louise (Swamp:4)
  A caustic shrike zombie (Depths:2)
  3 deep elf elementalists
  7 ghost moths
  A juggernaut zombie (Depths:2)
  2 curse skulls
  3 draconian stormcallers
  2 orc warlords (Vaults:2)
  A spriggan defender (Depths:2)
  3 ghouls
  14 ironbound preservers
  4 war gargoyles
  4 broodmothers
  11 quicksilver oozes
  7 formless jellyfish
  4 ironbound thunderhulks
  6 very ugly things
  8 stone giants
  A rockslime zombie (Slime:5)
  6 vampire knights
  3 eleionomae
  8 purple draconians
  11 white draconians
  4 deep elf annihilators (Elf:3)
  3 deep elf demonologists
  5 dire elephants
  A bunyip (Swamp:3)
  2 black draconians
  8 green draconians
  A pale draconian (Depths:4)
  5 spark wasps
  2 red draconians
  4 yellow draconians
  8 ettins
  2 acid blob zombies (Slime:5)
  9 eidola
  6 deep elf death magi
  4 fire dragons
  A green death (Depths:2)
  An entropy weaver (Lair:2)
  2 shambling mangroves
  A quicksilver dragon zombie (Crypt:1)
  15 jiangshi
  2 spriggan zombies
  28 vault guards
  Fannar (Lair:1)
  6 deep elf high priests
  9 great orbs of eyes
  10 yaktaur captains
  A fenstrider witch zombie (Swamp:4)
  7 ice dragons
  A catoblepas (D:15)
  5 spriggan air magi
  3 rakshasas
  11 hydras
  2 jorogumos (Spider:4)
  2 peacekeepers (Vaults:2)
  A quicksilver dragon skeleton (Crypt:2)
  5 boulder beetles
  5 centaur warriors
  11 ironbound frosthearts
  8 dancing weapons
  7 ogre magi
  3 death knights
  23 two-headed ogres
  An alligator (Swamp:1)
  A deep troll shaman (Depths:1)
  9 death yaks
  5 deep troll earth magi
  A satyr (shapeshifter) (Vaults:5)
  5 vampire magi
  13 demonic crawlers
  2 titan zombies (Crypt:1)
  5 tengu warriors
  An azure jelly zombie (Crypt:2)
  3 quicksilver ooze zombies
  An orc high priest (Orc:2)
  9 hell knights
  A soul eater (Crypt:1)
  4 spriggan berserkers
  15 deep elf knights
  A fire crab (shapeshifter) (Depths:4)
  A skyshark (Lair:4)
  2 titan skeletons
  5 iron trolls
  4 pharaoh ants
  39 skeletal warriors
  16 shadow wraiths
  A spriggan rider (Depths:3)
  A storm dragon skeleton (Crypt:1)
  2 goliath frogs
  47 deep trolls
  A golden dragon zombie (Depths:2)
  2 spriggan druids
  4 glowing orange brains
  11 flayed ghosts
  5 bog bodies
  9 lindwurms
  16 ironbound convokers
  5 orb spiders
  12 swamp dragons
  17 deep elf archers
  A tengu zombie (Vaults:1)
  9 steelbarb worms
  6 wizards
  10 orc knights
  9 necromancers
  13 wolf spiders
  22 deep elf pyromancers
  21 deep elf zephyrmancers
  5 harpies
  A harpy (shapeshifter) (Vaults:5)
  17 phantasmal warriors
  A mana viper (shapeshifter) (D:15)
  A salamander (shapeshifter) (Elf:1)
  A stone giant zombie (Vaults:1)
  A manticore (shapeshifter) (Vaults:5)
  2 shining eyes (Slime:5)
  20 moths of wrath
  3 orc sorcerers
  2 will-o-the-wisps (Swamp:3)
  A draconian zombie (Zot:1)
  28 ugly things
  3 cyclopes
  2 manticores
  2 stone giant skeletons
  A sphinx skeleton (Depths:2)
  4 black mambas
  An iron dragon skeleton (Crypt:2)
  An eleionoma skeleton (Crypt:2)
  19 vault sentinels
  6 elephants (Lair:3)
  An eye of devastation (Slime:3)
  A frost giant skeleton (Vaults:2)
  4 gargoyles
  A naga mage (D:15)
  3 nameless horrors
  15 cane toads
  An orange demon (D:10)
  Maggie (D:6)
  An ice statue (IceCv)
  2 centaur skeletons (D:15)
  6 torpor snails
  A dire elephant skeleton (Crypt:1)
  10 komodo dragons
  A swamp worm zombie (Crypt:1)
  A yaktaur zombie (Vaults:4)
  12 freezing wraiths
  6 unseen horrors
  48 yaktaurs
  A human zombie (Vaults:2)
  4 rime drakes
  3 redback zombies (Spider:4)
  An orb spider zombie (Spider:4)
  A spectral harpy (Crypt:3)
  A tormentor (D:7)
  A human skeleton (Vaults:2)
  2 meliai
  A tengu conjurer (Depths:1)
  The ghost of qborf the Ruffian, an amateur TrSh of Elyvilon (D:5)
  2 efreet
  2 red devils
  9 polar bears
  A queen bee (Lair:1)
  3 ice devils
  A bloated husk (Swamp:1)
  A wind drake (shapeshifter) (Vaults:5)
  8 trolls
  A hellwing (D:9)
  16 hornets
  6 tyrant leeches
  17 blink frogs
  Grinder (D:3)
  An ettin zombie (Vaults:2)
  20 tarantellas
  A tarantella zombie (Crypt:2)
  A meliai zombie (D:15)
  A snapping turtle (shapeshifter) (D:15)
  A jumping spider zombie (Spider:4)
  4 air elementals
  An ettin skeleton (Vaults:2)
  A guardian serpent skeleton (Crypt:1)
  11 culicivoras
  43 yaks
  4 shadows
  8 water elementals
  34 slime creatures
  A spriggan (shapeshifter) (D:14)
  24 jumping spiders
  37 flying skulls (Crypt:3)
  11 wraiths
  An elf skeleton (Vaults:1)
  26 spriggans
  2 humans (D:10)
  A wyvern (D:9)
  A ynoxinul (Depths:2)
  2 fire bats (D:8)
  9 large abominations
  2 slime creature zombies (Slime:5)
  A golden eye (Slime:5)
  2 chaos spawn
  3 fire elementals
  2 hogs
  5 basilisks
  A golden eye (shapeshifter) (D:14)
  47 redbacks
  Grum (D:8)
  A black mamba skeleton (Crypt:1)
  3 steam dragons
  A catoblepas simulacrum (Crypt:1)
  22 vampire mosquitoes
  2 wargs (Orc:1)
  Edmund (D:4)
  A warg (shapeshifter) (Vaults:5)
  A demonspawn zombie (Crypt:1)
  2 glowing shapeshifter zombies
  13 swamp worms
  A two-headed ogre skeleton (Crypt:2)
  16 water moccasins
  4 acid dragons
  5 ice beasts
  A hell hound (Depths:2)
  4 sky beasts
  5 great orb of eyes simulacra (IceCv)
  18 orc warriors
  A swamp dragon zombie (Swamp:4)
  8 swamp drakes
  29 ogres
  An elephant skeleton (Crypt:1)
  4 black bears
  An ettin simulacrum (Vaults:2)
  8 boggarts
  A torpor snail zombie (Spider:4)
  6 centaurs
  24 wolves
  A hog skeleton (Crypt:1)
  3 kobold brigands
  2 slime creature simulacra (IceCv)
  10 bullfrogs
  A naga simulacrum (Crypt:1)
  5 necrophages
  4 gnoll sergeants
  7 small abominations
  3 earth elementals
  7 scorpions
  2 glowing shapeshifter simulacra (IceCv)
  4 wights (D:10)
  24 killer bees (Lair:1)
  A troll zombie (D:11)
  A yak zombie (D:11)
  A polar bear skeleton (Crypt:2)
  2 howler monkeys (D:7)
  A spriggan skeleton (Crypt:2)
  12 electric eels
  A shapeshifter skeleton (Crypt:1)
  A crimson imp (Spider:1)
  4 quasits (D:10)
  2 centaur zombies
  5 hounds
  6 jellies
  A gnoll bouda (D:6)
  12 orc priests
  Jessica (D:2)
  2 sleepcaps
  5 iguanas
  31 orc wizards
  3 shapeshifter simulacra (IceCv)
  A boggart skeleton (D:15)
  A kobold zombie (D:11)
  An acid dragon skeleton (Crypt:1)
  Robin (D:3)
  14 gnolls
  9 adders
  A steam dragon skeleton (Crypt:1)
  2 shadow imps
  5 white imps (D:6)
  An ufetubus (D:6)
  An adder zombie (D:11)
  An orc zombie (D:11)
  2 worms (D:2)
  90 orcs
  5 ball pythons
  14 bats
  11 endoplasms
  5 giant cockroaches
  12 goblins
  7 hobgoblins
  18 kobolds
  3 quokkas
  8 frilled lizards
  A quokka zombie (Crypt:2)
  3 rats
2085 creatures vanquished.

Vanquished Creatures (collateral kills)
  the Royal Jelly (Slime:5)
  5 orbs of fire
  A juggernaut (Depths:3)
  Parghit (Depths:3)
  A Killer Klown (Zot:4)
  2 golden dragons
  Arachne (Spider:2)
  Nikola (Vaults:2)
  4 tentacled monstrosities
  An electric golem (Zot:5)
  3 liches
  Asterion (Spider:2)
  A quicksilver dragon (shapeshifter) (Vaults:5)
  10 Orb Guardians (Zot:5)
  7 acid blobs
  A thorn hunter (Swamp:1)
  4 tengu reavers
  3 azure jellies
  2 shadow dragons (Zot:1)
  Roxanne (D:14)
  2 rockslimes
  A draconian monk (Zot:2)
  9 storm dragons
  A daeva (Depths:2)
  A draconian knight (Zot:2)
  3 fire giants
  3 draconian scorchers (Zot:5)
  6 vault wardens
  3 ghost moths
  6 frost giants
  4 quicksilver oozes
  3 deep elf elementalists (Elf:3)
  7 ghouls
  A caustic shrike zombie (Depths:3)
  3 draconian annihilators
  2 very ugly things
  A draconian shifter (Zot:2)
  2 formless jellyfish
  9 stone giants
  3 ironbound preservers (Vaults:5)
  A war gargoyle (Vaults:2)
  An ironbound thunderhulk (Vaults:1)
  2 green draconians
  2 vampire knights
  3 black draconians
  6 red draconians
  3 dire elephants (Vaults:4)
  A pale draconian (Depths:4)
  6 yellow draconians
  An eleionoma (Swamp:4)
  2 deep elf annihilators (Elf:3)
  3 white draconians
  5 spark wasps
  2 purple draconians
  5 deep elf death magi
  2 ettins
  A fire dragon (Depths:3)
  3 entropy weavers
  2 ice dragons
  4 yaktaur captains
  A rakshasa (Depths:3)
  7 vault guards (Vaults:5)
  A great orb of eyes (Vaults:1)
  4 hydras
  A spriggan zombie (Crypt:3)
  3 spriggan air magi
  A centaur warrior (Vaults:4)
  A juggernaut simulacrum (Depths:4)
  An ironbound frostheart (Vaults:4)
  3 alligators
  A death knight (Crypt:3)
  2 deep troll shamans
  3 deep troll earth magi (Depths:3)
  A spriggan berserker (Depths:3)
  3 hell knights
  A soul eater (Depths:2)
  A pharaoh ant (Spider:2)
  2 goliath frogs (Swamp:2)
  2 iron trolls (Depths:3)
  4 swamp dragons (Swamp:4)
  4 skeletal warriors (Crypt:3)
  An obsidian statue (Zot:5)
  A spark wasp zombie (Depths:3)
  14 deep trolls
  A nameless horror (Swamp:4)
  2 spriggan riders
  2 orb spiders
  A glowing orange brain (Slime:5)
  A flayed ghost (Depths:3)
  A shadow dragon zombie (Depths:3)
  A spriggan simulacrum (Depths:4)
  3 phantasmal warriors
  3 ironbound convokers
  An orc knight (Vaults:5)
  4 necromancers
  3 steelbarb worms
  3 lindwurms (Lair:5)
  A goliath frog zombie (Swamp:4)
  2 harpies (Vaults:5)
  A wolf spider (Spider:4)
  2 ugly things (Vaults:4)
  A will-o-the-wisp (Swamp:2)
  4 shining eyes
  4 moths of wrath
  A fire giant skeleton (Depths:2)
  A human skeleton (Vaults:4)
  4 vault sentinels
  2 eyes of devastation (Vaults:3)
  A yaktaur zombie (Vaults:4)
  3 yaktaurs
  2 tengu simulacra (Depths:4)
  2 tarantellas
  7 hornets
  An iron dragon simulacrum (Crypt:3)
  A sphinx simulacrum (Depths:4)
  4 tyrant leeches
  An ettin zombie (Vaults:4)
  A culicivora zombie (Spider:2)
  12 flying skulls (Crypt:3)
  30 slime creatures
  A wyvern (Lair:5)
  2 culicivoras
  3 jumping spiders
  A spriggan (shapeshifter) (Zot:5)
  7 spriggans
  A chaos spawn (Depths:2)
  A steam dragon (Depths:4)
  3 redbacks
  2 swamp worms
  A floating eye (shapeshifter) (Vaults:5)
  A floating eye (Depths:4)
  A swamp drake (Swamp:4)
  An orc warrior (Vaults:5)
  A lindwurm skeleton (Crypt:1)
  A shapeshifter simulacrum (IceCv)
  A swamp drake zombie (Swamp:4)
  2 orcs
  A goblin (D:3)
  A hobgoblin zombie (Crypt:1)
385 creatures vanquished.

Vanquished Creatures (others)
  An orb of fire (Zot:5)
  An acid blob (Slime:1)
  42 eldritch tentacles
  3 death cobs
  A rockslime (Slime:1)
  A tengu reaver (Vaults:5)
  A fenstrider witch (Swamp:4)
  A ghost moth (Spider:4)
  A deep elf demonologist (Vaults:5)
  3 eleionomae (Swamp:1)
  An acid blob zombie (Slime:5)
  A deep elf death mage (Vaults:5)
  A quicksilver dragon zombie (Zot:2)
  A hydra (Swamp:1)
  A radroach (Spider:2)
  5 boulder beetles
  A two-headed ogre (D:11)
  2 centaur warriors (D:14)
  A tengu warrior (D:14)
  An azure jelly zombie (Vaults:3)
  2 storm dragon zombies
  2 quicksilver ooze zombies (Vaults:3)
  2 spriggan riders
  2 spark wasp zombies (Depths:3)
  3 goliath frogs
  A golden dragon zombie (Zot:1)
  2 orb spiders
  2 shadow dragon zombies (Zot:1)
  2 swamp dragons
  An ironbound convoker (Vaults:5)
  4 ugly thing zombies (D:14)
  An eleionoma zombie (Swamp:4)
  3 frost giant zombies
  2 wolf spider zombies
  2 goliath frog zombies
  A stone giant zombie (Depths:2)
  A fire giant zombie (Depths:3)
  2 draconian zombies
  A cyclops (D:14)
  3 formless jellyfish zombies (Slime:2)
  2 vault sentinels (Vaults:5)
  A torpor snail (Spider:4)
  A dire elephant zombie (Vaults:4)
  A black draconian zombie (Zot:1)
  3 rime drakes (IceCv)
  A green draconian zombie (Zot:3)
  A yellow draconian zombie (Zot:3)
  2 death yak zombies (Lair:4)
  3 iron troll zombies
  4 swamp worm zombies
  12 redback zombies
  An orb spider zombie (Spider:2)
  2 trolls
  A hydra zombie (Swamp:2)
  A meliai (Spider:4)
  A moth of wrath zombie (Swamp:1)
  A hornet (Lair:5)
  A tarantella (Spider:2)
  2 tyrant leeches (Swamp:1)
  2 ettin zombies
  A fire dragon zombie (Depths:2)
  4 jumping spider zombies
  A radroach zombie (Spider:2)
  An ice dragon zombie (Depths:3)
  A boulder beetle zombie (Spider:2)
  2 jumping spiders
  7 slime creature zombies
  2 slime creatures (Slime:1)
  A culicivora (Spider:2)
  A yak (D:11)
  A tyrant leech zombie (Swamp:1)
  2 humans (Lair:5)
  A basilisk (D:14)
  10 redbacks
  8 deep troll zombies
  2 human zombies (Depths:3)
  4 hornet zombies
  A swamp drake (Swamp:4)
  3 ice beasts (IceCv)
  5 swamp dragon zombies
  A centaur (D:11)
  A kobold brigand (D:11)
  A scorpion (D:14)
  11 spriggan zombies
  A gnoll bouda (D:11)
  An orc wizard (D:11)
  An ice beast zombie (IceCv)
  An adder (D:11)
  2 swamp drake zombies
  A dart slug (D:11)
  An orc (D:14)
  A ball python (D:11)
  A quokka (D:14)
  9 foxfires
  12 snaplasher vines
255 creatures vanquished.

Grand Total: 2725 creatures vanquished

Notes
Turn   | Place    | Note
-------+----------+-------------------------------------------
     0 | D:1      | PaperRat the Spriggan Necromancer began the quest for the
                  | Orb.
     0 | D:1      | Reached XP level 1. HP: 9/9 MP: 5/5
    58 | D:1      | You fall into a shaft and drop 1 floor!
   201 | D:2      | Found Lunwev's Assorted Antiques.
   235 | D:2      | Reached skill level 1 in Fighting
   235 | D:2      | Reached XP level 2. HP: 10/14 MP: 0/6
   330 | D:2      | Got Vehumet's Commentary on Bombardment
   542 | D:2      | Reached skill level 4 in Necromancy
   703 | D:2      | Noticed Jessica
   719 | D:2      | Killed Jessica
   720 | D:2      | Reached XP level 3. HP: 18/18 MP: 4/8
  1117 | D:1      | Reached XP level 4. HP: 23/23 MP: 9/9
  1138 | D:1      | Learned a level 4 spell: Iskenderun's Mystic Blast
  2257 | D:2      | Bought a clear potion for 22 gold pieces
  2257 | D:2      | Bought a fizzy white potion for 22 gold pieces
  2257 | D:2      | Bought a scroll labelled KAOWOL BIAMN for 25 gold pieces
  2526 | D:3      | Found a faded altar of an unknown god.
  2526 | D:3      | Noticed Robin
  2576 | D:3      | Killed Robin
  2785 | D:3      | Reached XP level 5. HP: 26/26 MP: 6/10
  2789 | D:3      | Learned a level 3 spell: Teleport Other
  2820 | D:3      | Noticed an ogre
  2914 | D:4      | Reached skill level 1 in Evocations
  3016 | D:4      | Found a bloodstained altar of Trog.
  3025 | D:4      | Found a shadowy altar of Dithmenos.
  3157 | D:4      | Noticed Edmund
  3358 | D:4      | Killed Edmund
  3359 | D:4      | Reached XP level 6. HP: 30/30 MP: 1/11
  3593 | D:4      | Reached skill level 1 in Conjurations
  3654 | D:4      | Found a glowing silver altar of Zin.
  3851 | D:4      | Found a stormy altar of Qazlal.
  4399 | D:4      | Got Vucatwas's Incunable of the Barrage
  4403 | D:4      | Learned a level 2 spell: Searing Ray
  4473 | D:5      | Entered Level 5 of the Dungeon
  4496 | D:5      | Found a runed translucent gate.
  4536 | D:5      | Found a runed translucent gate.
  4536 | D:5      | Identified the +1 ring mail of Luklik {rC++}
  4537 | D:5      | Found a runed translucent gate.
  4537 | D:5      | Noticed qborf's ghost (amateur TrSh)
  4567 | D:5      | Reached XP level 7. HP: 35/35 MP: 7/12
  4744 | D:5      | Found a burning altar of Makhleb.
  5124 | D:5      | Found an ornate altar of the Wu Jian Council.
  5130 | D:5      | Found a basalt altar of Yredelemnul.
  5160 | D:5      | Found a broken altar of Ashenzari.
  5481 | D:5      | Found a white marble altar of Elyvilon.
  6036 | D:3      | Noticed Grinder
  6174 | D:3      | Reached XP level 8. HP: 20/40 MP: 5/13
  6304 | D:3      | Reached skill level 1 in Ranged Weapons
  6333 | D:3      | Killed Grinder
  6598 | D:3      | Found a faded altar of an unknown god.
  6849 | D:2      | Bought a dented brass amulet for 125 gold pieces
  7175 | D:5      | Identified the scarf of Anarchy {shadows, Str+2}
  7250 | D:5      | Found a burning altar of Makhleb.
  7398 | D:5      | Killed qborf's ghost
  7562 | D:5      | Reached skill level 5 in Ranged Weapons
  8073 | D:6      | Reached XP level 9. HP: 39/44 MP: 4/16
  8278 | D:6      | Noticed Maggie
  8674 | D:6      | Reached skill level 10 in Translocations
  8818 | D:6      | Reached skill level 5 in Dodging
  9145 | D:6      | Killed Maggie
  9146 | D:6      | Reached skill level 5 in Stealth
  9376 | D:7      | Found a staircase to the Ecumenical Temple.
  9385 | Temple   | Entered the Ecumenical Temple
  9400 | Temple   | Became a worshipper of Kikubaaqudgha
  9492 | D:7      | Found a hide-covered altar of Uskayaw.
  9680 | D:7      | Found a flagged portal.
  9705 | D:7      | Reached skill level 5 in Spellcasting
  9738 | Bailey   | Entered a bailey
  9792 | Bailey   | Reached XP level 10. HP: 49/49 MP: 18/18
  9898 | Bailey   | Noticed an orc knight
  9968 | Bailey   | Killed an orc knight
  9968 | Bailey   | Reached * piety under Kikubaaqudgha
  9968 | Bailey   | Received a gift from Kikubaaqudgha
  9974 | Bailey   | Learned a level 4 spell: Animate Dead
 10162 | Bailey   | Found a large runed translucent door.
 10162 | Bailey   | Found a large runed translucent door.
 10163 | Bailey   | Noticed a deep elf pyromancer
 10363 | Bailey   | Killed a deep elf pyromancer
 10392 | Bailey   | Identified the ring of Circularity {rElec AC+4 Stlth+}
 10532 | D:7      | Found a sacrificial altar of Ru.
 10602 | D:7      | Found a snail-covered altar of Cheibriados.
 10887 | D:7      | Noticed a boulder beetle
 11013 | D:7      | Killed a boulder beetle
 11263 | D:8      | Reached skill level 5 in Necromancy
 11266 | D:8      | Noticed Grum
 11279 | D:8      | Killed Grum
 11477 | D:8      | Found Ypoliul's Weapon Boutique.
 11556 | D:8      | Found Nead's Armour Shop.
 11968 | D:8      | Found a runed translucent door.
 12011 | D:8      | Found a hide-covered altar of Uskayaw.
 12097 | D:8      | Found a sacrificial altar of Ru.
 12206 | D:8      | Found a sacrificial altar of Ru.
 12242 | D:8      | Noticed a flayed ghost
 12255 | D:8      | Found a basalt altar of Yredelemnul.
 12271 | D:8      | Reached XP level 11. HP: 54/54 MP: 18/21
 12277 | D:8      | Found a white marble altar of Elyvilon.
 12336 | D:8      | Reached ** piety under Kikubaaqudgha
 12348 | D:8      | Found a white marble altar of Elyvilon.
 12611 | D:8      | Killed a flayed ghost
 12647 | D:8      | Identified the ring "Moatt" {rF+ Will+}
 12758 | D:9      | Reached skill level 5 in Fighting
 12847 | D:9      | Reached skill level 6 in Necromancy
 13000 | D:9      | Reached skill level 10 in Ranged Weapons
 13140 | D:9      | Found a sparkling altar of Nemelex Xobeh.
 13473 | D:9      | Noticed a two-headed ogre
 13487 | D:9      | Killed a two-headed ogre
 13532 | D:9      | Found a transporter.
 13568 | D:9      | Found a transporter.
 13679 | D:9      | Found a transporter.
 13718 | D:9      | Found a transporter.
 13845 | D:10     | Entered Level 10 of the Dungeon
 13875 | D:10     | Noticed Gastronok
 13977 | D:9      | Reached *** piety under Kikubaaqudgha
 13977 | D:9      | Received a gift from Kikubaaqudgha
 13989 | D:9      | Learned a level 4 spell: Dispel Undead
 14635 | D:10     | Killed Gastronok
 14636 | D:10     | Reached skill level 7 in Necromancy
 15248 | D:10     | Found an iron altar of Okawaru.
 15526 | D:10     | Reached XP level 12. HP: 61/61 MP: 12/24
 15865 | D:11     | Found a staircase to the Lair.
 16272 | D:11     | Noticed a two-headed ogre
 16274 | D:11     | Killed a two-headed ogre
 16666 | D:11     | Found a runed translucent door.
 16666 | D:11     | Noticed a tengu warrior
 16676 | D:11     | Noticed a centaur warrior
 16726 | D:11     | Reached **** piety under Kikubaaqudgha
 16812 | D:11     | Noticed a two-headed ogre
 16830 | D:11     | Killed a centaur warrior
 16830 | D:11     | Killed a tengu warrior
 16879 | D:11     | Identified the +0 plate armour "Temobl Osyoh" {rF+ Int+2
                  | SInv}
 16880 | D:11     | Identified the +6 chain mail of the Jackalope {Rampage
                  | Str-5 Int+8}
 16967 | Lair:1   | Entered Level 1 of the Lair of Beasts
 17152 | Lair:1   | Noticed an eight-headed hydra
 17191 | Lair:1   | Killed an eight-headed hydra
 17299 | Lair:1   | Reached skill level 5 in Evocations
 17661 | Lair:1   | Identified the +0 ring mail of Fun and Games {+Inv rN+
                  | SInv}
 17780 | Lair:1   | Noticed Fannar
 17801 | Lair:1   | Killed Fannar
 17802 | Lair:1   | Reached XP level 13. HP: 52/65 MP: 10/26
 18608 | Lair:2   | Noticed Sonja
 18609 | Lair:2   | Sonja changed into Sonja the hog
 18609 | Lair:2   | Noticed Sonja
 18612 | Lair:2   | Killed Sonja the hog
 18703 | Lair:2   | Learned a level 5 spell: Borgnjor's Vile Clutch
 18774 | Lair:2   | Found a hole to the Spider Nest.
 19122 | Lair:2   | Found a staircase to the Swamp.
 19146 | Lair:2   | Reached skill level 1 in Earth Magic
 19358 | Lair:2   | Reached skill level 10 in Dodging
 19826 | Lair:3   | Found a stormy altar of Qazlal.
 19874 | Lair:3   | Reached ***** piety under Kikubaaqudgha
 20855 | Lair:4   | Reached XP level 14. HP: 51/73 MP: 6/27
 21065 | Lair:4   | Found a staircase to the Slime Pits.
 21066 | Lair:4   | Found a viscous altar of Jiyva.
 21124 | Lair:4   | Reached skill level 15 in Ranged Weapons
 21695 | Lair:5   | Entered Level 5 of the Lair of Beasts
 21856 | Lair:5   | Found a frozen archway.
 21910 | Lair:5   | Identified the +5 ring mail of Plasticity {rC- rN++}
 21925 | Lair:5   | Noticed Kirke
 21935 | Lair:5   | Reached skill level 5 in Earth Magic
 22030 | IceCv    | Entered an ice cave
 22071 | IceCv    | Noticed a quicksilver ooze
 22083 | IceCv    | Killed a quicksilver ooze
 22261 | IceCv    | Identified the amulet of Huzaitat {Reflect Rampage rElec
                  | Slay-3 SH+5}
 22263 | IceCv    | Identified the +4 rapier of Analysis {vamp, SInv}
 22324 | IceCv    | Reached ****** piety under Kikubaaqudgha
 22325 | IceCv    | Received a gift from Kikubaaqudgha
 22332 | IceCv    | Noticed a quicksilver ooze
 22351 | IceCv    | Killed a quicksilver ooze
 22476 | IceCv    | Noticed a quicksilver ooze
 22483 | IceCv    | Killed a quicksilver ooze
 22497 | IceCv    | Found a viscous altar of Jiyva.
 22497 | IceCv    | Noticed an azure jelly
 22511 | IceCv    | Killed an azure jelly
 22520 | IceCv    | Noticed an azure jelly
 22538 | IceCv    | Killed an azure jelly
 22544 | IceCv    | Identified a scroll of acquirement
 22556 | IceCv    | Got the +1 dagger of Simybb {freeze, Will++}
 22672 | Lair:5   | Acquired the Compilation of Vapour and the Map
 22677 | Lair:5   | Learned a level 2 spell: Blink
 22684 | Lair:5   | Learned a level 6 spell: Dispersal
 22765 | Lair:5   | Reached skill level 8 in Necromancy
 22802 | Lair:5   | Killed Kirke
 23221 | Lair:5   | Reached skill level 10 in Spellcasting
 24987 | D:12     | Found Iwenoskak's Antique Armour Shoppe.
 25021 | D:12     | Found a staircase to the Orcish Mines.
 25435 | D:12     | Reached skill level 9 in Necromancy
 25435 | D:12     | Reached XP level 15. HP: 77/77 MP: 18/30
 25638 | Orc:1    | Entered Level 1 of the Orcish Mines
 26147 | Orc:2    | Entered Level 2 of the Orcish Mines
 26355 | Orc:2    | Found Tosemy's Distillery.
 26355 | Orc:2    | Found Qanupowy's Antique Weapon Boutique.
 26356 | Orc:2    | Found Doyfyk's Antique Armour Shop.
 26356 | Orc:2    | Found Tenav's Antique Weapon Shoppe.
 26365 | Orc:2    | Bought a potion of enlightenment for 75 gold pieces
 26576 | Orc:2    | Found a shimmering blue altar of Sif Muna.
 26621 | Orc:2    | Found a staircase to the Elven Halls.
 26736 | Orc:2    | Bought a potion of curing for 45 gold pieces
 26736 | Orc:2    | Bought a potion of curing for 45 gold pieces
 26736 | Orc:2    | Bought 2 potions of brilliance for 120 gold pieces
 26738 | Orc:2    | Bought an iridescent demon whip for 660 gold pieces
 26738 | Orc:2    | Identified the +5 demon whip "Kaow" {freeze, *Rage *Slow
                  | rElec rC+++} (You bought it in a shop on level 2 of the
                  | Orcish Mines)
 26780 | D:13     | Found Rinedgh's CLEARANCE SALE!.
 26806 | D:13     | Bought a potion of mutation for 32 gold pieces
 27165 | D:13     | Found a gate to the Vaults.
 27382 | D:13     | Learned a level 7 spell: Haunt
 27470 | D:14     | Reached skill level 10 in Evocations
 27546 | D:14     | Reached skill level 1 in Summonings
 27663 | D:14     | Noticed Roxanne
 27729 | D:14     | Reached skill level 10 in Necromancy
 27906 | D:14     | Acquired the +8 arbalest "Uveupsyi" {freeze, rC+}
 28687 | D:14     | Killed Roxanne
 28815 | D:15     | Entered Level 15 of the Dungeon
 28815 | D:15     | Found Zeocupn's Antique Weapon Emporium.
 28828 | D:15     | Found Ziff's Magic Scroll Shoppe.
 28910 | D:15     | Bought 3 scrolls of enchant armour for 337 gold pieces
 28912 | D:15     | Bought a scroll of revelation for 112 gold pieces
 29035 | D:15     | Found Romad's Antique Armour Boutique.
 29098 | D:15     | Reached XP level 16. HP: 81/81 MP: 22/31
 29938 | D:15     | Found a staircase to the Depths.
 29954 | D:15     | Reached skill level 11 in Necromancy
 30213 | D:15     | Found Byuxyurr's Antique Weapon Shoppe.
 30576 | D:15     | Found Qivuizee's Antique Armour Shoppe.
 30666 | D:15     | Bought a scroll of identify for 30 gold pieces
 30736 | D:15     | Bought a glowing arbalest for 217 gold pieces
 30736 | D:15     | Bought a runed orcbow for 188 gold pieces
 30887 | Spider:1 | Entered Level 1 of the Spider Nest
 31047 | Lair:2   | Reached skill level 5 in Summonings
 33396 | Spider:1 | Reached skill level 12 in Necromancy
 33984 | Spider:2 | Noticed Arachne
 34020 | Spider:2 | Killed Arachne
 34021 | Spider:2 | Reached XP level 17. HP: 54/85 MP: 1/32
 35424 | Spider:2 | Noticed Asterion
 35433 | Spider:2 | Killed Asterion
 37220 | Spider:4 | Entered Level 4 of the Spider Nest
 37590 | Spider:4 | Reached skill level 10 in Stealth
 37997 | Spider:4 | Got a gossamer rune of Zot
 38466 | Swamp:1  | Entered Level 1 of the Swamp
 38991 | Swamp:1  | Identified the +7 plate armour of the Mertaur {Rampage}
 39115 | Swamp:1  | Found a transporter.
 39122 | Swamp:1  | Found a bloodstained altar of Trog.
 39130 | Swamp:1  | Found a transporter.
 39130 | Swamp:1  | Noticed Vudadgh's ghost (adept HuWr)
 39354 | Swamp:1  | Killed Vudadgh's ghost
 40056 | Swamp:2  | Reached XP level 18. HP: 92/92 MP: 29/34
 40384 | Swamp:3  | Noticed a tentacled monstrosity
 40395 | Swamp:3  | Killed a tentacled monstrosity
 40744 | Swamp:3  | Reached skill level 13 in Necromancy
 41005 | Swamp:4  | Entered Level 4 of the Swamp
 41163 | Swamp:4  | Noticed Mara
 41183 | Swamp:4  | Killed Mara
 41473 | Swamp:4  | Identified the amulet "Qoehixus" {Faith *Corrode rN+ Regen+
                  | Slay+2}
 41572 | Swamp:4  | Noticed Louise
 41583 | Swamp:4  | Killed Louise
 41836 | Swamp:4  | Noticed Bai Suzhen
 41865 | Swamp:4  | Killed Bai Suzhen
 41873 | Swamp:4  | Identified the ring "Cirushust" {rF+ Str+7}
 42061 | Swamp:4  | Reached skill level 10 in Fighting
 42070 | Swamp:4  | Noticed the 27-headed Lernaean hydra
 42075 | Swamp:4  | Killed the 27-headed Lernaean hydra
 42109 | Swamp:4  | Your ally Bai Suzhen died
 42295 | Swamp:4  | Got a decaying rune of Zot
 42470 | Swamp:4  | Learned a level 6 spell: Summon Cactus Giant
 42740 | Elf:1    | Entered Level 1 of the Elven Halls
 42765 | Elf:1    | Reached skill level 10 in Summonings
 42810 | Elf:1    | Reached skill level 14 in Necromancy
 43006 | Elf:1    | Found Exketwin's General Store.
 44257 | Elf:2    | Reached XP level 19. HP: 98/98 MP: 36/36
 44312 | Elf:2    | Found a runed translucent gate.
 44313 | Elf:2    | Found a runed translucent gate.
 44314 | Elf:2    | Found a runed translucent gate.
 44421 | Elf:2    | Found Rimufyb's Distillery.
 44748 | Elf:2    | Bought a potion of heal wounds for 75 gold pieces
 44748 | Elf:2    | Bought a potion of heal wounds for 75 gold pieces
 44748 | Elf:2    | Bought a potion of heal wounds for 75 gold pieces
 44758 | Elf:3    | Entered Level 3 of the Elven Halls
 44925 | Elf:2    | Acquired Obboatushem's Handbook of Location and Wicked
                  | Rites
 44926 | Elf:2    | Acquired the ring "Fuus" {rC+ rCorr Int+4}
 44927 | Elf:2    | Acquired the Lessons on Sidekicks
 44935 | Elf:2    | Learned a level 3 spell: Portal Projectile
 44942 | Elf:2    | Learned a level 5 spell: Summon Forest
 44950 | Elf:2    | Learned a level 6 spell: Summon Cactus Giant
 45461 | Elf:3    | Paralysed by an air elemental for 1 turns
 45811 | Elf:3    | Reached skill level 15 in Necromancy
 46006 | Elf:3    | Identified the +8 demon blade of Virtue {venom, Str+3
                  | Int+3}
 46402 | Elf:3    | Identified the +6 spear "Beastslayer" {heavy, rC+ Str+3}
 46570 | Elf:3    | Identified the +1 robe of Lilacs {Int+5}
 46787 | Elf:3    | Identified the +7 hand axe of Integrity {holy, Contam rPois
                  | rF+ rC+}
 47107 | Elf:3    | Identified the +4 pair of boots of Toaxoy {Will+}
 47814 | Elf:3    | Acquired a +1 hand crossbow of flaming
 48656 | Vaults:1 | Entered Level 1 of the Vaults
 48866 | Vaults:1 | Found Vogukhuk's Assorted Antiques.
 50157 | Vaults:1 | Bought a scroll of acquirement for 1716 gold pieces
 50157 | Vaults:1 | Acquired 1082 gold pieces
 50431 | Vaults:2 | Found a staircase to the Crypt.
 50431 | Vaults:2 | Found a basalt altar of Yredelemnul.
 50431 | Vaults:2 | Found an ancient bone altar of Kikubaaqudgha.
 50959 | Vaults:2 | Reached XP level 20. HP: 93/103 MP: 29/38
 51426 | Vaults:2 | Reached skill level 15 in Dodging
 51527 | Vaults:2 | Reached skill level 16 in Necromancy
 52021 | Vaults:2 | Noticed Nikola
 52051 | Vaults:2 | Killed Nikola
 52522 | Vaults:2 | Learned a level 4 spell: Passage of Golubria
 52528 | Vaults:2 | Learned a level 5 spell: Summon Mana Viper
 52749 | Vaults:3 | Reached skill level 1 in Hexes
 53661 | Vaults:3 | Found a runed translucent gate.
 53663 | Vaults:3 | Found a runed translucent gate.
 53663 | Vaults:3 | Found a runed translucent gate.
 53664 | Vaults:3 | Noticed Nico3ck's ghost (adept DsSu)
 54518 | Vaults:3 | Found a viscous altar of Jiyva.
 54565 | Vaults:3 | Killed Nico3ck's ghost
 55334 | Vaults:4 | Reached skill level 15 in Spellcasting
 55749 | Vaults:4 | Reached XP level 21. HP: 109/109 MP: 22/41
 57745 | Slime:1  | Entered Level 1 of the Pits of Slime
 57855 | Slime:2  | Paralysed by a formless jellyfish for 1 turns
 57860 | Slime:1  | Paralysed by a formless jellyfish for 1 turns
 58023 | Slime:1  | Paralysed by a formless jellyfish for 1 turns
 58276 | Slime:2  | Reached skill level 1 in Shields
 58528 | Slime:3  | Reached skill level 17 in Necromancy
 58997 | Slime:5  | Entered Level 5 of the Pits of Slime
 59184 | Slime:5  | Noticed the Royal Jelly
 59202 | Slime:5  | Killed the Royal Jelly
 59962 | Slime:5  | Got the Thoughts on the Cunning Graveyard
 59969 | Slime:5  | Identified the staff "Meoblesi" {rElec rPois Poison}
 60006 | Slime:5  | Identified the +6 fire dragon scales of Beloved
                  | Amelioration {rPois rF++ rC- Will- Int+4 Dex+3}
 60081 | Slime:5  | Learned a level 7 spell: Malign Gateway
 60092 | Slime:5  | Identified the +1 rapier "Mud Pie of Death" {holy, +Blink
                  | Will+}
 60097 | Slime:5  | Got a slimy rune of Zot
 60113 | Slime:5  | Identified the +0 helmet of the Moon {+Inv rCorr}
 60404 | Depths:1 | Entered Level 1 of the Depths
 60428 | Depths:1 | Acquired 1072 gold pieces
 60460 | Depths:1 | Found Loth's General Store.
 60476 | Depths:1 | Bought a potion of heal wounds for 90 gold pieces
 60476 | Depths:1 | Bought 6 curare-tipped darts for 129 gold pieces
 60476 | Depths:1 | Bought a wand of digging (6) for 453 gold pieces
 60603 | Depths:1 | Found a gateway to Hell.
 60911 | Depths:1 | Reached XP level 22. HP: 104/116 MP: 28/43
 61102 | Depths:1 | Found a white marble altar of Elyvilon.
 62234 | Depths:2 | Found a one-way gateway to a ziggurat.
 62701 | Depths:2 | Found a one-way gate leading to the halls of Pandemonium.
 62898 | Depths:2 | Found Sughek's Book Shop.
 63035 | Depths:2 | Bought a book of Geomancy for 270 gold pieces
 63038 | Depths:2 | Learned a level 2 spell: Passwall
 63084 | Depths:2 | Found an opulent altar of Gozag.
 63090 | Depths:2 | Found Gozag's Platinum Reserve.
 63214 | Depths:2 | Found a shadowy altar of Dithmenos.
 63730 | Depths:2 | Found the +7 Kryia's mail coat {PotionHeal*2 rC+}
 64068 | Depths:2 | Noticed Jory
 64102 | Depths:2 | Killed Jory
 64339 | Depths:2 | Reached skill level 5 in Shields
 64897 | Elf:1    | Bought a wand of iceblast (4) for 124 gold pieces
 64897 | Elf:1    | Bought a scroll of teleportation for 39 gold pieces
 64897 | Elf:1    | Bought a potion of enlightenment for 65 gold pieces
 64944 | Elf:2    | Bought a potion of magic for 120 gold pieces
 64944 | Elf:2    | Bought 2 potions of curing for 90 gold pieces
 64944 | Elf:2    | Bought a potion of mutation for 120 gold pieces
 64944 | Elf:2    | Bought a potion of lignification for 45 gold pieces
 65186 | Depths:3 | You fall into a shaft and drop 1 floor!
 65186 | Depths:4 | Entered Level 4 of the Depths
 65219 | Depths:3 | Noticed Parghit
 65242 | Depths:3 | Killed Parghit
 65453 | Depths:3 | Reached skill level 15 in Translocations
 65462 | Depths:3 | Noticed a juggernaut
 65479 | Depths:3 | Killed a juggernaut
 65482 | Depths:3 | Reached skill level 18 in Necromancy
 65709 | Depths:3 | Reached XP level 23. HP: 122/122 MP: 10/45
 65941 | Depths:3 | Identified the +1 scale mail of Zin's Displeasure {SInv}
 66423 | Depths:3 | Found a one-way gate to the infinite horrors of the Abyss.
 66497 | Depths:4 | Noticed Vv
 66522 | Depths:4 | Killed Vv
 66698 | Depths:4 | Identified the ring of Banef {Ice Str+4}
 66698 | Depths:4 | Noticed Josephina
 66706 | Depths:4 | Killed Josephina
 67234 | Depths:4 | Noticed Frederick
 67242 | Depths:4 | Killed Frederick
 67370 | Depths:4 | Found a runed translucent gate.
 67370 | Depths:4 | Found a runed translucent gate.
 67371 | Depths:4 | Found a runed translucent gate.
 67379 | Depths:4 | Noticed Wimmiopn's ghost (adept MfGl)
 67392 | Depths:4 | Found Cetowublai's Assorted Antiques.
 67393 | Depths:4 | Found Nonumec's Antique Weapon Shoppe.
 67412 | Depths:4 | Bought a potion of invisibility for 392 gold pieces
 68772 | Depths:4 | Found a gate to the Realm of Zot.
 68949 | Depths:4 | Killed Wimmiopn's ghost
 69934 | Zot:1    | Entered Level 1 of the Realm of Zot
 69939 | Zot:1    | Identified the +4 short sword of the Crypt {freeze, rElec
                  | rF+ rN+ Str+3}
 69963 | Zot:1    | Reached skill level 19 in Necromancy
 70307 | Zot:1    | Noticed a curse toe
 70316 | Zot:1    | Killed a curse toe
 70679 | Zot:1    | Noticed a curse toe
 70700 | Zot:1    | Killed a curse toe
 71112 | Zot:1    | Learned a level 8 spell: Borgnjor's Revivification
 72295 | Zot:2    | Reached XP level 24. HP: 107/129 MP: 7/47
 74001 | Zot:3    | Noticed an orb of fire
 74043 | Zot:3    | Killed an orb of fire
 75480 | Zot:5    | Entered Level 5 of the Realm of Zot
 75732 | Zot:5    | Noticed an orb of fire
 75754 | Zot:5    | Killed an orb of fire
 75895 | Zot:5    | Noticed a dread lich
 75895 | Zot:5    | Noticed an orb of fire
 75895 | Zot:5    | Noticed an orb of fire
 75895 | Zot:5    | Noticed an orb of fire
 75895 | Zot:5    | Noticed a Killer Klown
 75896 | Zot:5    | Noticed a dread lich
 75945 | Zot:5    | Reached skill level 20 in Necromancy
 76145 | Zot:5    | Noticed an orb of fire
 76368 | Zot:4    | Killed an orb of fire
 76497 | Zot:4    | Killed a dread lich
 76586 | Zot:4    | Killed a Killer Klown
 76985 | Zot:5    | Killed a dread lich
 77427 | Zot:4    | Gained mutation: You are weak. (Str -2) [an orb of fire]
 77433 | Zot:4    | Killed an orb of fire
 77439 | Zot:4    | Lost mutation: You are weak. (Str -2) [potion of mutation]
 77439 | Zot:4    | Gained mutation: You sometimes lose your temper in combat.
                  | [potion of mutation]
 77439 | Zot:4    | Lost mutation: You sometimes lose your temper in combat.
                  | [potion of mutation]
 77439 | Zot:4    | Gained mutation: You have a pair of small horns on your
                  | head. [potion of mutation]
 77562 | Zot:5    | Gained mutation: You are dopey. (Int -2) [an orb of fire]
 77569 | Zot:4    | Gained mutation: Your body sometimes deteriorates upon
                  | taking damage. [an orb of fire]
 77578 | Zot:4    | Gained mutation: You are vulnerable to heat. (rF-) [an orb
                  | of fire]
 77584 | Zot:4    | Killed an orb of fire
 77590 | Zot:4    | Lost mutation: You are dopey. (Int -2) [potion of mutation]
 77590 | Zot:4    | Lost mutation: You are vulnerable to heat. (rF-) [potion of
                  | mutation]
 77590 | Zot:4    | Gained mutation: Your magical capacity is low. (-10% MP)
                  | [potion of mutation]
 77590 | Zot:4    | Gained mutation: Your body often deteriorates upon taking
                  | damage. [potion of mutation]
 77590 | Zot:4    | Gained mutation: You do not regenerate when monsters are
                  | visible. [potion of mutation]
 77591 | Zot:4    | Lost mutation: You have a pair of small horns on your head.
                  | [potion of mutation]
 77591 | Zot:4    | Lost mutation: You do not regenerate when monsters are
                  | visible. [potion of mutation]
 77591 | Zot:4    | Gained mutation: You are somewhat resistant to further
                  | mutation. [potion of mutation]
 77592 | Zot:4    | Lost mutation: Your magical capacity is low. (-10% MP)
                  | [potion of mutation]
 77592 | Zot:4    | Lost mutation: Your body often deteriorates upon taking
                  | damage. [potion of mutation]
 77592 | Zot:4    | Lost mutation: Your body sometimes deteriorates upon taking
                  | damage. [potion of mutation]
 77998 | Zot:5    | Reached skill level 21 in Necromancy
 78090 | Zot:5    | Noticed an orb of fire
 78153 | Zot:5    | Gained mutation: You occasionally lose the ability to read
                  | scrolls when taking damage. [an orb of fire]
 78176 | Zot:4    | Killed an orb of fire
 78184 | Zot:4    | Lost mutation: You are somewhat resistant to further
                  | mutation. [potion of mutation]
 78184 | Zot:4    | Lost mutation: You occasionally lose the ability to read
                  | scrolls when taking damage. [potion of mutation]
 78184 | Zot:4    | Gained mutation: Your mind is acute. (Int +4, Str/Dex -1)
                  | [potion of mutation]
 78184 | Zot:4    | Gained mutation: Potions are less effective at restoring
                  | your health. [potion of mutation]
 78184 | Zot:4    | Gained mutation: You sometimes lose your temper in combat.
                  | [potion of mutation]
 78184 | Zot:4    | Gained mutation: You are somewhat resistant to further
                  | mutation. [potion of mutation]
 78314 | Zot:4    | Learned a level 9 spell: Death's Door
 78390 | Zot:5    | Killed an orb of fire
 78550 | Zot:5    | Identified the +0 hand axe of the Building Big Fish
                  | {protect, Will+ Int+2}
 79530 | Zot:5    | Noticed a Killer Klown
 79550 | Zot:5    | Killed a Killer Klown
 80102 | Zot:5    | Reached skill level 22 in Necromancy
 80413 | Zot:5    | Reached XP level 25. HP: 127/127 MP: 28/48
 80478 | Zot:5    | Noticed a dread lich
 80485 | Zot:5    | Killed a dread lich
 81630 | Crypt:1  | Entered Level 1 of the Crypt
 81942 | Crypt:1  | Identified the +1 broad axe of the Living Dead {flame,
                  | rElec rF+ MP+9 Str+4}
 82549 | Crypt:1  | Reached skill level 23 in Necromancy
 82875 | Crypt:1  | Lost mutation: You sometimes lose your temper in combat.
                  | [potion of mutation]
 82875 | Crypt:1  | Lost mutation: You are somewhat resistant to further
                  | mutation. [potion of mutation]
 82875 | Crypt:1  | Lost mutation: Your mind is acute. (Int +4, Str/Dex -1)
                  | [potion of mutation]
 82875 | Crypt:1  | Gained mutation: You are occasionally teleported next to
                  | monsters. [potion of mutation]
 82875 | Crypt:1  | Gained mutation: Your body sometimes deteriorates upon
                  | taking damage. [potion of mutation]
 82875 | Crypt:1  | Gained mutation: You sometimes lose your temper in combat.
                  | [potion of mutation]
 82876 | Crypt:1  | Lost mutation: You are occasionally teleported next to
                  | monsters. [potion of mutation]
 82876 | Crypt:1  | Lost mutation: Your body sometimes deteriorates upon taking
                  | damage. [potion of mutation]
 82876 | Crypt:1  | Gained mutation: Your system is resistant to poisons.
                  | (rPois) [potion of mutation]
 82876 | Crypt:1  | Gained mutation: You passively dampen the noise of your
                  | surroundings. [potion of mutation]
 82876 | Crypt:1  | Gained mutation: You are agile. (Dex +4, Str/Int -1)
                  | [potion of mutation]
 82877 | Crypt:1  | Lost mutation: You passively dampen the noise of your
                  | surroundings. [potion of mutation]
 82877 | Crypt:1  | Lost mutation: You sometimes lose your temper in combat.
                  | [potion of mutation]
 82877 | Crypt:1  | Lost mutation: Potions are less effective at restoring your
                  | health. [potion of mutation]
 82877 | Crypt:1  | Gained mutation: You are partially covered in iridescent
                  | scales. (AC +2) [potion of mutation]
 82877 | Crypt:1  | Gained mutation: You are very agile. (Dex +8, Str/Int -2)
                  | [potion of mutation]
 82877 | Crypt:1  | Gained mutation: Your mind is acute. (Int +4, Str/Dex -1)
                  | [potion of mutation]
 82877 | Crypt:1  | Gained mutation: You have hidden genetic potential. [potion
                  | of mutation]
 83488 | Crypt:1  | You fall into a shaft and drop 1 floor!
 84771 | Crypt:3  | Entered Level 3 of the Crypt
 84828 | Crypt:3  | Found a staircase to the Tomb.
 85101 | Crypt:3  | Found a basalt altar of Yredelemnul.
 85117 | Crypt:3  | Reached skill level 24 in Necromancy
 85776 | Crypt:3  | Identified the staff "Leafeisk" {rC+ rN+ Necro}
 86252 | Crypt:3  | Identified the +6 hand axe "Otevay" {spect, *Slow rF+ rN+}
 87483 | Vaults:4 | Learned a level 6 spell: Death Channel
 87488 | Vaults:5 | Entered Level 5 of the Vaults
 87493 | Vaults:5 | Found the +3 Mad Mage's Maulers {Infuse+∞ VampMP -Cast}
 87511 | Vaults:5 | Reached skill level 25 in Necromancy
 87591 | Vaults:5 | Reached XP level 26. HP: 99/132 MP: 3/48
 87993 | Vaults:5 | Identified the +7 dagger of Disgust {protect, Will++ Str+2}
 88002 | Vaults:5 | Identified the +2 flail "Lemes" {speed, Stlth+}
 88005 | Vaults:5 | Got a silver rune of Zot
 88628 | Vaults:5 | Reached skill level 26 in Necromancy
 88793 | Vaults:5 | Gained mutation: Your flesh is heat resistant. (rF+)
                  | [hidden potential]
 89786 | Vaults:5 | Noticed an ancient lich
 89797 | Vaults:5 | Killed an ancient lich
 92374 | Slime:2  | Paralysed by a formless jellyfish for 1 turns
 92449 | Slime:1  | Reached skill level 27 in Necromancy
 93025 | Zot:5    | Got the Orb of Zot
 93076 | Zot:4    | Noticed a seraph
 93125 | Zot:1    | Noticed a seraph
 93354 | D:14     | Noticed Wituth the pandemonium lord
 93411 | D:11     | Noticed Zolonesh the pandemonium lord
 93662 | D:$      | Escaped with the Orb!

Illustrated notes

Levels and vault maps discovered:
D:1:      dpeg_arrival_boxorama, layout_loops_ring, hex_medium
D:2:      layout_basic, serial_shops, shop, uniq_jessica
D:3:      layout_rooms, dreamdust_ecumenical_altar_statues, uniq_robin,
          uniq_grinder
D:4:      layout_loops_corners, zin_statuary, nicolae_qazlal_general_emergency,
          mainiacjoe_overflow_swirl, hellmonk_no_cap, uniq_edmund
D:5:      layout_basic, mainiacjoe_overflow_alcove_1,
          nicolae_overflow_macrodata_refinement, biasface_ghost_orc_armoury
D:6:      minmay_octagon_keep, layout_rooms, uniq_maggie
D:7:      layout_basic, kennysheep_little_box, eat_drink_and_be_merry_uskayaw,
          general_overflow_altar, minmay_temple_entry_antechambers,
          enter_bailey_5, kb_lookout_dungeons_type, grunt_potential
D:8:      due_megacathedral, layout_loops_ring, serial_shops,
          nicolae_lakefront_shop, nicolae_shop_scrapyard, uniq_grum
D:9:      layout_stronghold, nemelex_xobeh_ov_fountains_minmay,
          hangedman_decor_clover_reticule, nicolae_transporter_intersection
D:10:     layout_rooms, okawaru_humans, serial_demonic, serial_demonic_d,
          serial_demonic_c, serial_demonic_e, serial_demonic_g,
          serial_demonic_f, serial_demonic_g, serial_demonic_e,
          serial_demonic_c, uniq_gastronok
D:11:     layout_stronghold, erik_lair_island, nrook_loot_triangle,
          minmay_st_funbox
D:12:     layout_roguey, orc_0_dummy, serial_shops, nicolae_shop_peninsula
D:13:     layout_cave_pools, david_vaults_5, nicolae_shop_clearance
D:14:     layout_loops_cross, hex_tiny, uniq_roxanne
D:15:     grunt_enter_depths_magical_seal, layout_irregular_city,
          hangedman_abyss_or_decor_clamps, serial_shops,
          nicolae_shop_dealshenge, shop, nicolae_shop_behind_doors, shop,
          nicolae_shop_tiny_statue_garden, serial_bayou_pond_a,
          roderic_roman_lattice
Temple:   hellmonk_temple_forest_ring
Lair:1:   layout_roguey [special_room_bee], infiniplex_staircase_pool,
          grunt_megastairs_4, serial_bayou_shore_a, serial_bayou_shore_b,
          uniq_fannar
Lair:2:   layout_concentric_octagons, minmay_swamp_entry_eels,
          nicolae_spider_entry_lesser_pyramids, beast_lair_carwin_1, uniq_sonja
Lair:3:   layout_hall_layers, basic_altar
Lair:4:   layout_cave_pods, nicolae_slime_entry_slimehenge, grunt_megastairs_5
Lair:5:   minmay_lair_end_enchanted_forest, layout_misc_corridors,
          portal_ice_cave_entry_pillars_1, eino_small_chamber_without_monster,
          minmay_lindwurm_lava, infiniplex_staircase_pool_2, uniq_kirke
Swamp:1:  layout_basic_swamp, gammafunk_ghost_wrathful_warriors,
          evilmike_swamp_ruin_house_5
Swamp:2:  layout_basic_swamp, hangedman_swamp_blocks
Swamp:3:  layout_basic_swamp, hangedman_swamp_ruin_wall
Swamp:4:  swamp_old_school, layout_basic_swamp, swamp_pool2,
          nicolae_swamp_feature_on_the_river_bank, uniq_bai_suzhen, uniq_mara,
          uniq_louise
Spider:1: nicolae_spider_brood_tunnel, nicolae_crawler_farm
Spider:2: layout_chambers, uniq_asterion, uniq_arachne
Spider:3: layout_cave_pods, hangedman_spider_tarantella_strand
Spider:4: grunt_spider_rune_island
Slime:1:  layout_caves
Slime:2:  layout_caves
Slime:3:  layout_caves
Slime:4:  layout_caves
Slime:5:  slime_pit_nicolae_trefoil
Orc:1:    layout_caves, nicolae_orc_flooded_monolith
Orc:2:    st_orc_ogre_mass, layout_caves, led_sif_book
Elf:1:    minmay_elf_arrival_plus, layout_gridlike, serial_shops,
          nicolae_shop_stone, minivault_28, grunt_megastairs_3
Elf:2:    elven_hall_of_blades_hangedman_original
          [nicolae_blade_entry_area_security], layout_gridlike, serial_shops,
          nicolae_shop_hallway_stairs
Elf:3:    minmay_elf_hall_spiked, layout_loops_cross, st_stairs_11
Vaults:1: vaults_dpeg_hooks, nicolae_vaults_tetromino_T_1, vaults_mumra_hex,
          nicolae_vaults_trapezoid_lopsided_3, vaults_mumra_hexcomb,
          layout_vaults_omnigrid, serial_shops, nicolae_shop_trees
Vaults:2: v_pattern_4, nicolae_vaults_security_offices_4,
          nicolae_vaults_circle_grid_b, minmay_crypt_entry_necro_gods, v_misc_3,
          hangedman_vaults_hat, hangedman_vaults_pinch, vaults_dpeg_ring,
          ontoclasm_vaults_bender, vaults_room_boxed,
          nicolae_vaults_specimen_jars, v_alt_pattern_5, v_misc_16,
          layout_vaults_maze_bifur, uniq_nikola
Vaults:3: gammafunk_ghost_ooze, grunt_vaults_twisty,
          nicolae_vaults_storage_closets_3, nicolae_vaults_yaktaur_gun_rack,
          vaults_room_octagon, nicolae_vaults_double_plus_3, v_misc_24,
          nicolae_vaults_surprise_closet, nicolae_vaults_prndl, v_alt_pattern_3,
          nicolae_vaults_little_squares_2, layout_vaults_ring
Vaults:4: nicolae_vaults_frosty_reception, nicolae_vaults_six-pack,
          hangedman_vaults_stream, nicolae_vaults_cochlea,
          nicolae_vaults_little_squares_3, nicolae_vaults_variable_pillar_hall,
          v_misc_9, nicolae_vaults_trapezoid_lopsided_3, ontoclasm_vaults_fault,
          nicolae_vaults_security_offices_1, ontoclasm_vaults_twist,
          vaults_room_corners, v_pattern_3, nicolae_vaults_little_squares_3,
          layout_vaults_omnicross
Vaults:5: uniq_margery
Crypt:1:  layout_catacombs, corexii_hall_statues_deadend
Crypt:2:  layout_gridlike
Crypt:3:  grunt_crypt_end_deaths_head
Depths:1: layout_cave_pools, grunt_hell_entry_dis_mu, serial_shops, shop,
          serial_bayou_lagoon_a, grunt_ministairs_15,
          hangedman_abyss_or_decor_stabs, amcnicky_mini_rare_corridor_liquid,
          elyvilon_altar_1
Depths:2: due_jory_tower, layout_basic, enter_ziggurat_d,
          nicolae_dithmenos_the_darkroom, serial_shops,
          nicolae_book_shop_shelving, hell_entry, rand_demon_pan_entry_5,
          nicolae_gozag_zags_fifth_avenue
Depths:3: evilmike_cross, layout_cave_shapes, hell_entry, pan_entry,
          nicolae_the_louvre, minmay_room_of_horrors, uniq_parghit
Depths:4: evilmike_zot_entry_gauntlet, layout_gridville, grunt_metal_band,
          gammafunk_ghost_split, minivault_14, nrook_mini_backslash,
          serial_sigils_hangedman_shear, nicolae_wooded_promenade,
          ebering_dispersal_statue_hall, uniq_grunn, uniq_vv, uniq_frederick,
          uniq_josephina
Zot:1:    layout_onion
Zot:2:    layout_cathedral_of_symmetry
Zot:3:    layout_misc_corridors, hangedman_zot_gyre, grunt_ministairs_14
Zot:4:    layout_gridlike
Zot:5:    layout_basic, lemuel_baited_zot_trap, st_stairs_11

Skill      XL: |  1  2  3  4  5  6  7  8  9 10 11 12 13 14 15 16 17 18 19 20 21 22 23 24 25 26 |
---------------+-------------------------------------------------------------------------------+-----
Fighting       | 1 2 3 4 6 8 9 10 11 12 13 14 | 14.0
Necromancy     | 4 5 7 9 10 12 14 15 16 17 18 19 22 25 27 | 27.0
Translocations | 2 3 6 8 9 10 12 13 15 16 | 16.0
Dodging        | 3 6 8 10 12 13 14 16 17 18 19 20 | 20.0
Stealth        | 4 5 6 7 8 10 | 10.5
Evocations     | 2 3 4 5 8 10 11 13 14 | 14.0
Conjurations   | 2 3 |  3.0
Ranged Weapons | 5 7 9 10 13 14 16 18 | 18.0
Spellcasting   | 4 5 6 7 8 10 11 12 13 15 16 17 19 20 | 20.0
Earth Magic    | 4 6 |  6.0
Summonings     | 3 7 8 10 12 | 12.0
Hexes          | 4 |  4.0
Shields        | 3 5 6 |  6.0

Action                     |  1- 3 |  4- 6 |  7- 9 | 10-12 | 13-15 | 16-18 | 19-21 | 22-24 | 25-27 || total
---------------------------+-------+-------+-------+-------+-------+-------+-------+-------+-------++-------
  Melee: Trident           |    16 |   102 |    14 |       |       |       |       |       |       ||   132
   Fire: Arbalest          |       |       |   187 |   629 |  1073 |  1050 |  1381 |  1052 |   978 ||  6350
         Hand crossbow     |       |       |       |       |       |       |    19 |       |       ||    19
  Throw: Stone             |       |     5 |       |       |       |       |       |       |       ||     5
         Dart              |       |     6 |     9 |    14 |     2 |     4 |     1 |     6 |       ||    42
   Cast: Necrotise         |    39 |    87 |    16 |       |       |       |       |       |       ||   142
         Searing Ray       |       |       |    38 |     1 |       |       |       |       |       ||    39
         Teleport Other    |       |       |     1 |       |     1 |       |       |       |       ||     2
         Iskenderun's Myst |       |       |       |    68 |    78 |    80 |     1 |       |       ||   227
         Animate Dead      |       |       |       |     1 |     7 |    12 |    15 |     9 |       ||    44
         Borgnjor's Vile C |       |       |       |       |    54 |   193 |   146 |   189 |    96 ||   678
         Dispel Undead     |       |       |       |       |     3 |    11 |     7 |    66 |   144 ||   231
         Dispersal         |       |       |       |       |       |     3 |     8 |     2 |       ||    13
         Haunt             |       |       |       |       |       |     2 |    37 |    60 |    28 ||   127
         Blink             |       |       |       |       |       |     1 |       |     3 |     1 ||     5
         Summon Forest     |       |       |       |       |       |       |    20 |    12 |     2 ||    34
         Portal Projectile |       |       |       |       |       |       |    11 |    40 |    11 ||    62
         Summon Cactus Gia |       |       |       |       |       |       |     1 |       |       ||     1
         Summon Mana Viper |       |       |       |       |       |       |     7 |    24 |       ||    31
         Malign Gateway    |       |       |       |       |       |       |       |    31 |    13 ||    44
         Borgnjor's Revivi |       |       |       |       |       |       |       |     1 |       ||     1
         Death Channel     |       |       |       |       |       |       |       |       |     8 ||     8
         Passwall          |       |       |       |       |       |       |       |       |     2 ||     2
 Invoke: Unearth Wretches  |       |       |       |     5 |     7 |    18 |     2 |       |     2 ||    34
         Receive Forbidden |       |       |       |       |     1 |       |       |       |       ||     1
  Evoke: Wand              |       |     4 |    18 |     5 |    10 |     7 |       |    32 |     5 ||    81
         Lightning rod     |       |       |       |       |       |     8 |    10 |    12 |       ||    30
         Phantom mirror    |       |       |       |       |       |     1 |       |     2 |       ||     3
         Tin of tremorston |       |       |       |       |       |     1 |     5 |     7 |       ||    13
    Use: Scroll            |       |     5 |     3 |    13 |    21 |     8 |    16 |    22 |    10 ||    98
         Potion            |       |       |     1 |     2 |     3 |     8 |     6 |    31 |    16 ||    67
   Stab: Sleeping          |     4 |     8 |     2 |       |       |       |       |       |       ||    14
 Armour: Robe              |     2 |     6 |     6 |    12 |    29 |    88 |    73 |    47 |    48 ||   311
         Steam dragon scal |       |       |     6 |    45 |       |       |       |       |       ||    51
  Dodge: Dodged            |     6 |    43 |    90 |   372 |   253 |   603 |   605 |   418 |   499 ||  2889

Table legend: (Time is in decaauts)
 A = Elapsed time spent in this place.
 B = Non-inter-level travel time spent in this place.
 C = Inter-level travel time spent in this place.
 D = Time resting spent in this place.
 E = Time spent auto-exploring this place.
 F = Levels seen in this place.
 G = Mean time per level.
                   A        B        C        D        E       F      G
               +--------+--------+--------+--------+--------+-----+--------+
         Total |  74251 |  68088 |   6163 |  20389 |  27598 |  58 | 1280.2 |
       Dungeon |  17049 |  14640 |   2409 |   2175 |   6828 |  15 | 1136.6 |
        Temple |     19 |      3 |     16 |      0 |      0 |   1 |   19.0 |
          Lair |   7381 |   6527 |    854 |   1503 |   3373 |   5 | 1476.2 |
         Swamp |   3705 |   3320 |    385 |    750 |   1562 |   4 |  926.2 |
   Spider Nest |   5122 |   4865 |    257 |   1309 |   2183 |   4 | 1280.5 |
    Slime Pits |   2503 |   2351 |    152 |   1218 |    304 |   5 |  500.6 |
  Orcish Mines |    982 |    868 |    114 |    102 |    528 |   2 |  491.0 |
   Elven Halls |   4145 |   3988 |    157 |   1559 |   1481 |   3 | 1381.7 |
        Vaults |  10494 |   9793 |    701 |   2197 |   5071 |   5 | 2098.8 |
         Crypt |   4716 |   4557 |    159 |   1557 |   1638 |   3 | 1572.0 |
        Depths |   7536 |   6975 |    561 |   2894 |   2424 |   4 | 1884.0 |
           Zot |   9508 |   9112 |    396 |   4837 |   2151 |   5 | 1901.6 |
        Bailey |    557 |    557 |      0 |     76 |      6 |   1 |  557.0 |
      Ice Cave |    528 |    528 |      0 |    210 |     45 |   1 |  528.0 |
               +--------+--------+--------+--------+--------+-----+--------+

Top non-repeatable levels by time:
Vaults:5: 3293 daAuts
   Zot:4: 2957 daAuts
   Zot:5: 2921 daAuts
Depths:2: 2659 daAuts
  Lair:2: 2544 daAuts
Depths:4: 2333 daAuts
Vaults:2: 2202 daAuts
 Crypt:3: 2153 daAuts
   Zot:2: 2137 daAuts
   Elf:3: 2117 daAuts
Vaults:3: 1955 daAuts
Vaults:4: 1837 daAuts
    D:15: 1748 daAuts
  Lair:5: 1724 daAuts
Spider:1: 1706 daAuts
